Map: Shrines of Lizul

Players

ILIEKEGGPIE

  • Race: Terran Terran
  • League: Platinum
  • Spawn Location: 3:00

September

  • Race: Zerg Zerg
  • Spawn Location: 12:00

MATOCAPULLOS

  • Race: Zerg Zerg
  • Spawn Location: 6:00

Федор

  • Race: Zerg Zerg
  • League: Gold
  • Spawn Location: 9:00

VOD

Have the link to the VOD?

Description

Time

  • Played on: May 24, 2018, 3:54 p.m.
  • Length: 6:54
Show
View Real Time Build Order
Export as new Build Order

ILIEKEGGPIE Terran 

Build Orders: Reaper Expand 

Get SALT Encoding   

  12  0:01  SCV  
  13  0:13  SCV  
  14  0:19  Supply Depot  
  14  0:26  SCV  
  15  0:41  SCV  
  15  0:42  Barracks  
  16  0:52  Refinery  
  16  0:53  SCV  
  17  1:05  SCV  
  18  1:17  SCV  
  19  1:33  Orbital Command  
  19  1:38  Reaper  
  20  1:54  Command Center  
  20  2:03  Supply Depot  
  20  2:07  SCV  
  21  2:10  Refinery  
  21  2:19  SCV  
  22  2:27  Factory  
  22  2:31  SCV  
  23  2:43  SCV  
  23  2:45  Marine  
  24  2:55  SCV  
  24  2:56  Barracks  
  25  3:08  Orbital Command, SCV  
  25  3:11  Bunker  
  25  3:12  Factory Tech Lab  
  26  3:14  Starport  
  26  3:20  SCV  
  26  3:24  Marine  
  28  3:32  SCV  
  29  3:35  Siege Tank  
  32  3:42  Marine  
  32  3:43  Barracks Reactor  
  32  3:44  SCV  
  34  3:51  Starport Tech Lab  
  34  3:54  Barracks  
  34  4:00  Marine  
  35  4:07  SCV  
  31  4:26  Banshee  
  28  4:42  SCV x2  
  23  5:15  Marine x2  
  13  5:39  SCV x2  
  9  5:43  Orbital Command  
  9  5:51  SCV  
  10  6:03  SCV  
  11  6:04  Supply Depot  
  11  6:09  SCV  
  12  6:15  SCV  
  12  6:18  Barracks Tech Lab  
  13  6:21  Marine x2, SCV  
  16  6:27  SCV  
  17  6:34  SCV  
  17  6:39  SCV  
Show
View Real Time Build Order
Export as new Build Order

September Zerg 

Build Orders: Pool First, Zergling Baneling 

Get SALT Encoding   

  12  0:08  Drone  
  13  0:25  Spawning Pool  
  13  0:26  Drone  
  13  0:40  Overlord  
  13  0:42  Drone  
  14  0:47  Extractor  
  13  0:50  Drone  
  14  1:15  Zergling x6  
  17  1:27  Queen  
  17  1:30  Overlord  
  19  1:45  Drone  
  20  2:14  Spine Crawler  
  19  2:25  Zergling x6  
  19  2:29  Metabolic Boost  
  22  2:34  Baneling Nest  
  21  2:46  Drone  
  22  3:06  Drone x5  
  27  3:31  Baneling  
  27  3:32  Baneling x7  
  27  3:33  Overlord x2  
  27  3:56  Hatchery  
  22  4:41  Zergling x12  
  26  4:54  Zergling x2  
  27  5:03  Zergling x2  
  22  5:22  Zergling x2  
  22  5:31  Zergling x2  
  22  5:47  Drone x5  
  27  6:07  Zergling x6  
  30  6:12  Evolution Chamber  
  30  6:15  Drone x4  
  33  6:27  Extractor  
  27  6:48  Hatchery  
Show
View Real Time Build Order
Export as new Build Order

MATOCAPULLOS Zerg 

Build Orders: Pool Only 

Get SALT Encoding   

  12  0:23  Spawning Pool  
  11  0:37  Overlord, Drone x2  
  13  0:49  Drone  
  14  0:55  Extractor  
  13  1:02  Drone  
  14  1:10  Queen  
  16  1:15  Drone  
  16  1:16  Spine Crawler  
  16  1:24  Drone  
  17  1:31  Drone  
  18  1:41  Roach Warren  
  18  1:43  Drone  
  18  2:01  Overlord  
  18  2:22  Roach x2  
  24  2:23  Roach x3  
  28  2:38  Overlord  
  28  2:50  Roach  
  30  2:59  Roach x3  
  30  3:03  Roach  
  38  3:25  Overlord x2  
  38  3:36  Overlord  
  38  3:47  Roach x3  
  40  4:51  Roach  
  40  4:52  Roach x3  
  44  5:33  Spore Crawler  
  37  5:35  Spore Crawler  
  37  5:38  Spore Crawler  
  37  5:42  Spore Crawler, Lair  
  30  5:44  Drone x4  
  30  5:45  Drone x2  
  28  6:05  Drone, Extractor  
  28  6:06  Drone x2  
  30  6:35  Drone x2  
  32  6:53  Hydralisk Den  
Show
View Real Time Build Order
Export as new Build Order

Федор Zerg 

Build Orders: Pool First 

Get SALT Encoding   

  12  0:03  Drone  
  13  0:08  Drone  
  14  0:32  Extractor  
  14  0:34  Extractor  
  12  0:36  Drone x2  
  16  0:48  Spawning Pool  
  15  0:56  Overlord  
  15  1:05  Extractor  
  15  1:06  Extractor  
  13  1:21  Drone x3  
  16  1:35  Queen  
  18  1:43  Drone  
  18  1:44  Drone  
  20  2:09  Metabolic Boost  
  20  2:16  Zergling x4  
  20  2:17  Overlord  
  22  2:27  Lair  
  22  2:42  Zergling x4  
  23  2:46  Zergling x6  
  26  3:10  Hatchery  
  26  3:12  Zergling x6  
  28  3:20  Zergling x4  
  28  3:23  Overlord  
  18  4:36  Spire  
  17  4:39  Drone  
  17  4:40  Drone x5  
  17  4:42  Queen  
  17  4:43  Drone  
  26  4:59  Spine Crawler  
  25  5:04  Spine Crawler  
  24  5:47  Spine Crawler  
  23  5:50  Mutalisk  
  23  5:51  Mutalisk x4  
  23  5:54  Mutalisk  
  35  6:06  Drone x2  
  35  6:07  Drone  
  43  6:50  Spore Crawler  
Tags
 
Add a new tag
Caveats
  • Supply blocks, unpowered buildings, or Contaminate may cause inaccurate times.
  • Supply counts are checked every 10 seconds.